 Dungeon Crawl Stone Soup version 0.20-a0-993-gba41c3c (webtiles) character file.

28 Monsterracer the Ruffian (level 3, 0/31 HPs)
             Began as a Naga Transmuter on Apr 11, 2017.
             Slain by an adder (1 damage)
             ... on level 2 of the Dungeon.
             The game lasted 00:06:20 (2196 turns).

Monsterracer the Ruffian (Naga Transmuter)          Turns: 2196, Time: 00:06:21

Health: 0/31       AC:  2    Str: 12    XL:     3   Next: 12%
Magic:  6/6        EV: 10    Int: 14    God:
Gold:   82         SH:  0    Dex: 11    Spells: 2/6 levels left

rFire    . . .     SeeInvis +     - Unarmed
rCold    . . .     Gourm    .   (no shield)
rNeg     . . .     Faith    .   b - +0 robe
rPois    +         Spirit   .   (no helmet)
rElec    .         Reflect  .   (no cloak)
rCorr    .         Harm     .   (no gloves)
MR       .....                  (no barding)
Stlth    +.........             (no amulet)
Regen    0.1/turn               (no ring)
MPRegen  0.1/turn               (no ring)

@: lethally poisoned (0 -> -3), very slow
A: see invisible, deformed body, poison resistance, slowness 2, slow metabolism
1, spit poison 1, AC +1
a: Spit Poison


You were on level 2 of the Dungeon.
You were near starving.

You visited 1 branch of the dungeon, and saw 2 of its levels.

You collected 82 gold pieces.

Inventory:

Missiles
 a - 12 arrows
Armour
 b - a +0 robe (worn)
Jewellery
 g - a cursed ring of loudness {unknown}
Scrolls
 e - a scroll of magic mapping {unknown}
 h - a scroll of teleportation {unknown}
Books
 c - a book of Changes

   Spells                             Type                      Level
   a - Beastly Appendage              Transmutation                1
   b - Sticks to Snakes               Transmutation                2
   c - Spider Form                    Transmutation/Poison         3
   d - Ice Form                       Ice/Transmutation            4
   e - Blade Hands                    Transmutation                5
Comestibles
 d - 2 bread rations
 f - 3 royal jellies


   Skills:
 - Level 1.0 Fighting
 - Level 1.5 Dodging
 + Level 4.0 Unarmed Combat
 - Level 2.0 Spellcasting
 * Level 2.2 Transmutations


You had 2 spell levels left.
You knew the following spells:

 Your Spells              Type           Power        Failure   Level  Hunger
a - Beastly Appendage     Tmut           #.....       12%         1    ##.....
b - Spider Form           Tmut/Pois      #.........   47%         3    ####...


Dungeon Overview and Level Annotations

Branches:
Dungeon (2/15)

Altars:


Innate Abilities, Weirdness & Mutations

You cannot wear boots.
Your serpentine skin is tough. (AC +1)
You have supernaturally acute eyesight. (SInv)
Armour fits poorly on your strangely shaped body.
Your system is resistant to poisons. (rPois)
You cover ground very slowly.
You have a slow metabolism.
You can spit poison.


Message History

You feel sick. The adder bites you.
* * * LOW HITPOINT WARNING * * *
The adder barely misses you.
You barely miss the adder.
The adder is moderately wounded.
The adder closely misses you.
You hit the adder. You punch the adder.
The adder is severely wounded.
You feel sick. The adder closely misses you.
You closely miss the adder.
The adder is severely wounded.
The adder closely misses you.
You hit the adder.
The adder is severely wounded.
You feel sick. The adder bites you.
* * * LOW HITPOINT WARNING * * *
You miss the adder.
The adder is severely wounded.
The adder barely misses you. The adder bites you.
You die...

.#+#...#.#.#.......#
#...#.#.##......# #
#...#.#.##..##### +#
#.#...#.#.##..##...
...#.#...#.#....>......
.................#...#
###.............# ..#
+.............# .#
#..S@.........# .
#...........###
...............#
...............#
......######....#
...... .### ...... #
##..


You could see an adder.

Vanquished Creatures
  A worm (D:1)
  2 dart slugs (D:1)
  2 giant cockroaches (D:1)
  2 goblins (D:1)
  2 hobgoblins (D:1)
  4 kobolds
  4 bats (D:1)
  4 frilled lizards
  2 rats (D:1)
  A plant (D:1)
24 creatures vanquished.

Notes
Turn   | Place    | Note
-------+----------+-------------------------------------------
     0 | D:1      | Monsterracer the Naga Transmuter began the quest for the Orb.
     0 | D:1      | Reached XP level 1. HP: 18/18 MP: 3/3
   447 | D:1      | Reached XP level 2. HP: 22/25 MP: 5/5
  1236 | D:1      | HP: 1/25 [worm (5)]
  1237 | D:1      | Reached skill level 4 in Unarmed Combat
  1562 | D:1      | Reached XP level 3. HP: 21/31 MP: 6/6
  1567 | D:1      | Learned a level 3 spell: Spider Form
  2195 | D:2      | HP: 1/31 [adder (5)]
  2196 | D:2      | Slain by an adder

Vault maps used:
D:1:      dpeg_arrival_another_circle, serial_forest,
          infiniplex_forest_lined_room_2, infiniplex_forest_clump_small,
          infiniplex_forest_lined_2, infiniplex_forest_corner_1,
          infiniplex_forest_clump_curved, infiniplex_forest_clump_double,
          infiniplex_forest_clump_large, infiniplex_forest_straight_2,
          infiniplex_forest_zigzag_2
D:2:      nicolae_dithmenos_through_a_glass_darkly, kennysheep_generic_room_14

Skill      XL: |  1  2 |
---------------+-------+-----
Unarmed Combat | 4 |  4.0
Fighting       | |  1.0
Dodging        | |  1.5
Spellcasting   | |  2.0
Transmutations | |  2.2

Action                   || total
-------------------------++-------
Melee: Unarmed           ||   166
       Punch             ||     1
 Cast: Beastly Appendage ||     4
 Abil: Spit Poison       ||     1
  Use: Potion            ||     3
  Eat: Chunk             ||     1
Armor: Robe              ||    13
Dodge: Dodged            ||    60
